AoeStats
← uDORRI

Highland

504116302Analyzed
2v2 RM · 29d ago on Sep 4, 2026· 67m 40s· 4 players
Game mode
Random Map
Map size
Medium (4 player)
Population
200
Speed
Normal
Resources
Standard
Victory
Conquest
Starting age
Dark Age
Ending age
Imperial Age
RankedLock teamsTeams togetherTeam positionsShared explorationLock speedFull tech treeHidden civsTurbo modeCheats
Victory
Defeat
🇧🇷 Tupi · Brazil
737
+22
🇧🇷 Chinese · Brazil
675
+23
🇺🇸 Byzantines · United States
661
-14
🇺🇸 Spanish · United States
632
-13
Charmanarnar
12:15 Feudal Age
14:14 Man-at-Arms
19:07 Scale Mail Armor
19:08 Padded Archer Armor
19:51 Arson
20:52 Wheelbarrow
23:50 Forging
31:17 Castle Age
34:40 Long Swordsman
39:54 Elite Skirmisher
42:34 Thumb Ring
51:02 Iron Casting
50:44 Chain Mail Armor
50:45 Leather Archer Armor
50:21 Fletching
53:14 Squires
53:00 Gambesons
uDORRI
9:57 Feudal Age
13:08 Gold Mining
14:38 Horse Collar
15:25 Double-Bit Axe
17:04 Loom
23:20 Castle Age
20:56 Man-at-Arms
23:41 Long Swordsman
25:51 Gambesons
29:31 Imperial Age
27:12 Elite Skirmisher
28:53 Gold Shaft Mining
29:29 Forging
29:20 Scale Mail Armor
29:47 Bow Saw
30:12 Sanctity
30:14 Fervor
29:51 Two-Handed Swordsman
30:37 Champion
33:11 Illumination
33:15 Block Printing
38:00 Medium Warships
38:45 Iron Casting
38:25 Chain Mail Armor
44:13 Onager
47:41 Theocracy
48:15 Plate Mail Armor
47:51 Scale Barding Armor
49:47 Redemption
Soler
12:02 Feudal Age
13:12 Fishing Lines
14:23 Wheelbarrow
18:13 Castle Age
17:07 Double-Bit Axe
17:05 Horse Collar
24:33 Heavy Plow
27:11 Stone Mining
27:17 Gold Mining
27:42 Fletching
28:32 Bow Saw
28:17 Gillnets
29:31 Hand Cart
29:23 Town Watch
31:57 Arson
32:11 Bodkin Arrow
33:01 Padded Archer Armor
33:14 Forging
33:58 Medium Warships
36:25 Squires
39:20 Imperial Age
38:04 Leather Archer Armor
41:02 Conscription
42:00 Elite Fire Lancer
45:36 Rocketry
46:01 Iron Casting
48:33 Bracer
49:06 Ring Archer Armor
48:05 Elite Chu Ko Nu
56:16 Heavy Rocket Cart
61:50 Blast Furnace
Hirohito 裕仁
11:27 Feudal Age
12:07 Double-Bit Axe
14:40 Wheelbarrow
19:12 Fletching
19:23 Scale Mail Armor
20:08 Horse Collar
21:53 Champi Runner
22:18 Arson
23:23 Gold Mining
23:26 Stone Mining
28:02 Castle Age
28:13 Crossbowman
28:16 Champi Warrior
28:57 Squires
28:55 Bodkin Arrow
29:16 Chain Mail Armor
29:09 Heavy Plow
29:23 Bow Saw
29:46 Hand Cart
36:09 Imperial Age
38:51 Gold Shaft Mining
39:16 Two-Man Saw
37:50 Elite Champi Warrior
41:24 Curare
43:34 Elite Blackwood Archer
46:52 Caciques
48:40 Conscription
48:30 Bracer
48:31 Padded Archer Armor
50:39 Leather Archer Armor
58:08 Plate Mail Armor
57:48 Forging
58:09 Ring Archer Armor
Connection lost

Rejoining the realm…

Still unreachable

The connection could not be restored.

Session expired

The server has moved on; the page needs a fresh start.